 Dungeon Crawl Stone Soup version 0.29-a0-322-g68df515428 (webtiles) character file.

Game seed: 12804695426139942409

2610 croobank the Blocker (level 9, -3/74 HPs)
             Began as a Gnoll Fighter on Apr 7, 2022.
             Was an Initiate of Gozag.
             Collided with a rock wall (12 damage)
             ... caused by Erica
             ... on level 8 of the Dungeon.
             The game lasted 00:23:04 (7728 turns).

croobank the Blocker (Gnoll Fighter)                Turns: 7728, Time: 00:23:13

Health: -3/74      AC: 11    Str: 19    XL:     9   Next: 59%
Magic:  5/5        EV: 12    Int: 14    God:    Gozag
Gold:   411        SH:  6    Dex: 12    Spells: 16/16 levels left

rFire   . . .      SeeInvis .   a - +2 war axe (antimagic)
rCold   . . .      Faith    .   c - +0 buckler
rNeg    . . .      Spirit   .   y - +1 leather armour of Ashenzari's Generosity {Rampage Regen+}
rPois   .          Reflect  .   w - +0 helmet
rElec   .          Harm     .   (no cloak)
rCorr   .          Rampage  +   q - +0 pair of gloves
Will    .....                   (no boots)
Stlth   ++........              H - amulet of regeneration
HPRegen 1.82/turn               n - +4 ring of protection
MPRegen 0.09/turn               i - +6 ring of intelligence

@: lethally poisoned (-3 -> -4), about to teleport, slowed, very slow
A: fangs 1, strong nose, distributed training
a: Renounce Religion, Potion Petition, Call Merchant, Bribe Branch


You were on level 8 of the Dungeon.
You worshipped Gozag.
Gozag was aware of your devotion.
You visited 2 branches of the dungeon, and saw 9 of its levels.

You collected 495 gold pieces.
You paid 84 gold pieces to Gozag.

Inventory:

Hand Weapons
 a - a +2 antimagic war axe (weapon)
 e - a +0 long sword of holy wrath
 l - a +1 dagger of flaming
 A - a +0 war axe
Missiles
 j - 224 stones (quivered)
 s - 8 boomerangs
Armour
 b - a +0 scale mail
 c - a +0 buckler (worn)
 k - a +0 plate armour
 q - a +0 pair of gloves (worn)
 w - a +0 helmet (worn)
 y - the +1 leather armour of Ashenzari's Generosity (worn) {Rampage Regen+}
   (You found it on level 4 of the Dungeon)

   Regen:     It increases your rate of health regeneration.
   Rampage:   It bestows one free step when moving towards enemies.
Jewellery
 i - a +6 ring of intelligence (right hand)
 n - a +4 ring of protection (left hand)
 x - an amulet of magic regeneration
 H - an amulet of regeneration (around neck)
Wands
 h - a wand of flame (12)
Scrolls
 d - a scroll of blinking
 o - 4 scrolls of teleportation
 p - a scroll of magic mapping {unknown}
 t - 3 scrolls of amnesia
 u - a scroll of holy word {unknown}
 D - a scroll of immolation {unknown}
 F - a scroll of fear
 I - 4 scrolls of identify
Potions
 f - a potion of lignification
 g - 5 potions of brilliance
 r - 3 potions of ambrosia {unknown}
 v - a potion of berserk rage {unknown}
 z - 2 potions of curing
 B - a potion of attraction {unknown}
 C - a potion of flight {unknown}
 E - a potion of cancellation {unknown}


   Skills:
 + Level 8.0 Fighting
 + Level 4.4 Short Blades
 + Level 4.4 Long Blades
 + Level 6.4 Axes
 + Level 4.4 Maces & Flails
 + Level 4.4 Polearms
 + Level 4.4 Staves
 + Level 4.4 Slings
 + Level 4.4 Bows
 + Level 4.4 Crossbows
 + Level 4.4 Throwing
 + Level 8.0 Armour
 + Level 4.4 Dodging
 + Level 4.4 Stealth
 + Level 8.0 Shields
 + Level 4.4 Unarmed Combat
 + Level 4.4 Spellcasting
 + Level 3.6 Conjurations
 + Level 3.6 Hexes
 + Level 3.6 Summonings
 + Level 3.6 Necromancy
 + Level 3.6 Translocations
 + Level 3.6 Transmutations
 + Level 3.6 Fire Magic
 + Level 3.6 Ice Magic
 + Level 3.6 Air Magic
 + Level 3.6 Earth Magic
 + Level 3.6 Poison Magic
 + Level 4.8 Invocations
 + Level 4.4 Evocations


You had 16 spell levels left.
You didn't know any spells.
Your spell library contained the following spells:

 Spells                   Type           Power      Damage    Failure   Level
 Animate Skeleton         Necr           26%        N/A       6%          1
 Apportation              Tloc           26%        N/A       6%          1
 Foxfire                  Conj/Fire      52%        2x1d6     6%          1
 Summon Small Mammal      Summ           52%        N/A       6%          1
 Sublimation of Blood     Necr           13%        N/A       10%         2
 Conjure Flame            Conj/Fire      13%        6-21      19%         3
 Inner Flame              Hex/Fire       13%        N/A       19%         3
 Flame Wave               Conj/Fire      13%        2d6       52%         4
 Petrify                  Tmut/Erth      13%        N/A       52%         4
 Irradiate                Conj/Tmut      6%         3d15      86%         5
 Summon Forest            Summ/Tloc      6%         N/A       86%         5
 Eringya's Noxious Bog    Tmut/Pois      6%         N/A       100%        6
 Summon Hydra             Summ           6%         N/A       100%        7


Dungeon Overview and Level Annotations

Branches:
Dungeon (8/15)             Temple (1/1) D:6
   Lair: D:8-11

Altars:
Ashenzari
Cheibriados
Dithmenos
Fedhas
Gozag
Hepliaklqana
Kikubaaqudgha
Makhleb
Okawaru
Ru
Trog
Uskayaw
Vehumet
Wu Jian
Zin
Beogh

Shops:
D:4 *

Annotations:
D:5 3 runed translucent doors, zishaf's ghost, novice OpCA
D:8 Erica; Pikel


Innate Abilities, Weirdness & Mutations

You have very sharp teeth.
Your uncanny sense of smell can sniff out nearby items.
Your experience applies equally to all skills.


Message History

Erica burns you.
Erica hits you with a +4 scimitar of flaming.
Erica burns you.
You hit Erica.
Erica's magic leaks into the air.
Your bite misses Erica.
Erica is lightly wounded.
Erica closely misses you. You block Erica's attack.
You closely miss Erica.
Erica is lightly wounded.
Erica's magic is no longer disrupted.
Erica closely misses you.
You completely miss Erica. You bite Erica, but do no damage.
Erica is lightly wounded.
Erica casts a spell at you. The bolt of poison hits you!!
You are poisoned.
Erica completely misses you.
You slash Erica!
Erica's magic leaks into the air.
Erica is moderately wounded.
You feel extremely sick. Erica casts a spell at you.
You feel as though you will be slow longer.
Erica hits you with a +4 scimitar of flaming!
Erica burns you.
* * * LOW HITPOINT WARNING * * *
You feel much better.
You feel very sick. You block Erica's attack.
Okay, then.
As you read the scroll labelled CIWNAO TOGEEBB, it crumbles to dust.
You feel strangely unstable.
It was a scroll of teleportation.
You feel very sick.
Erica's magic is no longer disrupted.
Erica hits you with a +4 scimitar of flaming.
Erica burns you. Erica casts a spell at you. The lance of force hits you!!
* * * LOW HITPOINT WARNING * * *
You are knocked back by the lance of force.
You slam into the rock wall!
You die...
Your body crumbles into a pile of gold.

.....#...................
.....#...................
.##.##...##....##......#
###.##...##....##......##
.'......................#
.#................>.....#
.#................@.....#
.#..............(.......#
.#..............@.......#
#########################


You could see Erica.

Vanquished Creatures
  Prince Ribbit (D:5)
  Grinder (D:4)
  Menkaure (D:7)
  A water moccasin (D:6)
  Duvessa (D:7)
  An orc warrior (D:6)
  3 ogres
  A centaur (D:5)
  2 phantoms
  4 bullfrogs
  A gnoll sergeant (D:7)
  3 scorpions
  Dowan (D:7)
  4 hounds (D:6)
  3 jellies
  2 orc priests
  2 gnoll shamans
  2 iguanas
  Natasha (twice) (D:2)
  2 orc wizards
  10 gnolls
  9 adders
  2 white imps
  An ufetubus (D:6)
  2 worms
  2 dart slugs
  21 orcs
  5 endoplasms
  3 giant cockroaches
  8 goblins
  7 hobgoblins
  4 jackals (D:4)
  4 quokkas
  4 ball pythons
  5 bats
  4 frilled lizards
  7 kobolds
  A rat (D:2)
137 creatures vanquished.

Vanquished Creatures (others)
  2 plants (D:2)
2 creatures vanquished.

Grand Total: 139 creatures vanquished

Notes
Turn   | Place    | Note
-------+----------+-------------------------------------------
     0 | D:1      | croobank the Gnoll Fighter began the quest for the Orb.
     0 | D:1      | Reached XP level 1. HP: 23/23 MP: 1/1
   161 | D:1      | Found a faded altar of an unknown god.
   391 | D:1      | Reached XP level 2. HP: 29/29 MP: 2/2
   790 | D:2      | Reached XP level 3. HP: 34/35 MP: 3/3
   835 | D:2      | Reached skill level 1 in Invocations
   907 | D:2      | Noticed Natasha
   925 | D:2      | Killed Natasha
   926 | D:2      | Reached skill level 1 in Short Blades
   926 | D:2      | Reached skill level 1 in Long Blades
   926 | D:2      | Reached skill level 1 in Maces & Flails
   926 | D:2      | Reached skill level 1 in Polearms
   926 | D:2      | Reached skill level 1 in Staves
   926 | D:2      | Reached skill level 1 in Slings
   926 | D:2      | Reached skill level 1 in Bows
   926 | D:2      | Reached skill level 1 in Crossbows
   926 | D:2      | Reached skill level 1 in Throwing
   926 | D:2      | Reached skill level 1 in Dodging
   926 | D:2      | Reached skill level 1 in Stealth
   926 | D:2      | Reached skill level 1 in Unarmed Combat
   926 | D:2      | Reached skill level 1 in Spellcasting
   926 | D:2      | Reached skill level 1 in Evocations
   926 | D:2      | Reached XP level 4. HP: 34/41 MP: 5/5
  1294 | D:2      | Noticed Natasha
  1299 | D:2      | Killed Natasha
  1300 | D:2      | Reached skill level 1 in Conjurations
  1300 | D:2      | Reached skill level 1 in Hexes
  1300 | D:2      | Reached skill level 1 in Summonings
  1300 | D:2      | Reached skill level 1 in Necromancy
  1300 | D:2      | Reached skill level 1 in Translocations
  1300 | D:2      | Reached skill level 1 in Transmutations
  1300 | D:2      | Reached skill level 1 in Fire Magic
  1300 | D:2      | Reached skill level 1 in Ice Magic
  1300 | D:2      | Reached skill level 1 in Air Magic
  1300 | D:2      | Reached skill level 1 in Earth Magic
  1300 | D:2      | Reached skill level 1 in Poison Magic
  1569 | D:3      | Found a sacrificial altar of Ru.
  1810 | D:3      | Reached XP level 5. HP: 40/47 MP: 6/6
  1859 | D:3      | Found a burning altar of Makhleb.
  2098 | D:3      | Found a broken altar of Ashenzari.
  2347 | D:4      | Noticed a phantom
  2362 | D:4      | Killed a phantom
  2363 | D:4      | Reached XP level 6. HP: 48/53 MP: 8/8
  2426 | D:4      | Found Kongeqim's Assorted Antiques.
  2473 | D:4      | Noticed Grinder
  2493 | D:4      | Killed Grinder
  2494 | D:4      | Reached skill level 5 in Axes
  2494 | D:4      | Reached XP level 7. HP: 35/59 MP: 8/10
  3031 | D:4      | Identified the +1 leather armour of Ashenzari's Generosity
                  | {Rampage Regen+}
  3189 | D:4      | Found a bloodstained altar of Trog.
  3478 | D:5      | Entered Level 5 of the Dungeon
  3897 | D:5      | Found a runed translucent gate.
  3897 | D:5      | Found a runed translucent gate.
  3900 | D:5      | Identified the +3 hunting sling "Zogittus" {venom, Fragile
                  | rElec rF+ Int+3}
  3903 | D:5      | Noticed zishaf's ghost (novice OpCA)
  3907 | D:5      | Found a runed translucent gate.
  4116 | D:5      | Reached XP level 8. HP: 64/67 MP: 4/12
  4181 | D:5      | Noticed Prince Ribbit
  4248 | D:5      | HP: 1/67 [Prince Ribbit (10)]
  4594 | D:5      | Killed Prince Ribbit
  6033 | D:6      | Reached XP level 9. HP: 71/72 MP: 4/14
  6336 | D:6      | Found a staircase to the Ecumenical Temple.
  6345 | Temple   | Entered the Ecumenical Temple
  6430 | Temple   | Became a worshipper of Gozag Ym Sagoz the Greedy
  6537 | D:6      | Found a radiant altar of Vehumet.
  6683 | D:7      | Found a hazy altar of Hepliaklqana.
  6744 | D:7      | Noticed Dowan
  6745 | D:7      | Noticed Duvessa
  6782 | D:7      | Killed Dowan
  6785 | D:7      | Killed Duvessa
  7093 | D:7      | Noticed Menkaure
  7100 | D:7      | Killed Menkaure
  7676 | D:8      | Noticed Pikel
  7716 | D:8      | Noticed Erica
  7728 | D:8      | Collided with a rock wall

Illustrated notes

Levels and vault maps discovered:
D:1:      lordsloth_arrival_two_stooges, layout_loops_ring,
          dreamdust_ecumenical_altar_statues, serial_park_tiny_2,
          minmay_misc_feat_x, dreamdust_mushroom_princess
D:2:      layout_rooms, serial_forest, infiniplex_forest_lined_ring,
          infiniplex_forest_corner_1, infiniplex_forest_lined_room_3,
          infiniplex_forest_zigzag_1, infiniplex_forest_zigzag_2, uniq_natasha
D:3:      layout_loops_ring, mainiacjoe_overflow_surrounded_room,
          overflow_temple_1_default, nicolae_overflow_crystal_walls,
          chequers_serial_rivers_micro_e
D:4:      layout_cave_pools, trog_antimagical, serial_shops,
          nicolae_lakefront_shop, minmay_fractal_squares_5, uniq_grinder
D:5:      layout_gridville, biasface_ghost_orc_armoury, uniq_prince_ribbit1
D:6:      layout_basic, marbit_many_paths, lemuel_temple_firewalk_a,
          grunt_ministairs_3
D:7:      layout_layer_cave, mainiacjoe_overflow_small_starburst, uniq_duvessa,
          uniq_menkaure
D:8:      layout_gridville, kennysheep_ying_yang, xom_shifter_show,
          hangedman_decor_lopped, uniq_pikel, uniq_grum, uniq_joseph, uniq_erica
Temple:   hc_temple_tempest_star

Skill      XL: |  1  2  3  4  5  6  7  8  9 |
---------------+----------------------------+-----
Invocations    | 1 2 3 4 |  4.8
Short Blades   | 1 2 3 4 |  4.4
Long Blades    | 1 2 3 4 |  4.4
Maces & Flails | 1 2 3 4 |  4.4
Polearms       | 1 2 3 4 |  4.4
Staves         | 1 2 3 4 |  4.4
Slings         | 1 2 3 4 |  4.4
Bows           | 1 2 3 4 |  4.4
Crossbows      | 1 2 3 4 |  4.4
Throwing       | 1 2 3 4 |  4.4
Dodging        | 1 2 3 4 |  4.4
Stealth        | 1 2 3 4 |  4.4
Unarmed Combat | 1 2 3 4 |  4.4
Spellcasting   | 1 2 3 4 |  4.4
Evocations     | 1 2 3 4 |  4.4
Conjurations   | 1 2 3 |  3.6
Hexes          | 1 2 3 |  3.6
Summonings     | 1 2 3 |  3.6
Necromancy     | 1 2 3 |  3.6
Translocations | 1 2 3 |  3.6
Transmutations | 1 2 3 |  3.6
Fire Magic     | 1 2 3 |  3.6
Ice Magic      | 1 2 3 |  3.6
Air Magic      | 1 2 3 |  3.6
Earth Magic    | 1 2 3 |  3.6
Poison Magic   | 1 2 3 |  3.6
Axes           | 5 6 |  6.4
Fighting       | 7 8 |  8.0
Armour         | 7 8 |  8.0
Shields        | 7 8 |  8.0

Action                   |  1- 3 |  4- 6 |  7- 9 || total
-------------------------+-------+-------+-------++-------
Melee: War axe           |    74 |   137 |   344 ||   555
       Bite              |     5 |    16 |    34 ||    55
Throw: Boomerang         |       |       |     4 ||     4
       Throwing net      |       |       |    11 ||    11
       Stone             |       |       |     2 ||     2
  Use: Scroll            |     1 |     7 |     9 ||    17
       Potion            |       |     1 |     6 ||     7
 Stab: Sleeping          |       |       |     3 ||     3
       Held in net/web   |       |       |     1 ||     1
Armor: Scale mail        |    30 |    53 |   123 ||   206
       Leather armour    |       |       |    26 ||    26
Dodge: Dodged            |    38 |    41 |   173 ||   252
Block: Buckler           |    21 |    45 |   105 ||   171

Table legend: (Time is in decaauts)
 A = Elapsed time spent in this place.
 B = Non-inter-level travel time spent in this place.
 C = Inter-level travel time spent in this place.
 D = Time resting spent in this place.
 E = Time spent auto-exploring this place.
 F = Levels seen in this place.
 G = Mean time per level.
                   A        B        C        D        E       F      G
               +--------+--------+--------+--------+--------+-----+--------+
         Total |   7881 |   7619 |    262 |   1326 |   4452 |   9 |  875.7 |
       Dungeon |   7785 |   7533 |    252 |   1326 |   4390 |   8 |  973.1 |
        Temple |     95 |     85 |     10 |      0 |     62 |   1 |   95.0 |
               +--------+--------+--------+--------+--------+-----+--------+

Top non-repeatable levels by time:
     D:5: 1731 daAuts
     D:4: 1639 daAuts
     D:7: 1002 daAuts
     D:6: 973 daAuts
     D:3: 835 daAuts
     D:2: 795 daAuts
     D:1: 740 daAuts
  Temple: 95 daAuts
     D:8: 67 daAuts
